 Dungeon Crawl Stone Soup version 0.32-a0-468-g38b2580584 (webtiles) character file.

Game seed: 17770280742465027921

919 Ruich the Conjurer (level 8, -7/46 HPs)
             Began as an Octopode Conjurer on Feb 25, 2024.
             Was an Initiate of Hepliaklqana.
             Mangled by an ice beast (8 damage)
             ... on level 5 of the Dungeon.
             The game lasted 00:15:52 (5904 turns).

Ruich the Conjurer (Octopode Conjurer)              Turns: 5904, Time: 00:15:53

Health: -7/46      AC:  1    Str:  6    XL:     8   Next: 9%
Magic:  2/14       EV: 13    Int: 22    God:    Hepliaklqana [......]
Gold:   248        SH:  5    Dex: 11    Spells: 4/15 levels left

rFire   . . .        o - staff of conjuration {!a}
rCold   . . .        (no shield)
rNeg    . . .        (helmet restricted)
rPois   .            p - amulet of reflection
rElec   .            m - ring of wizardry
rCorr   .            (no ring)
SInv    .            (no ring)
Will    .....        (no ring)
Stlth   +++          (no ring)
HPRegen 0.27/turn    (no ring)
MPRegen 0.14/turn    (no ring)
                     (no ring)

%: reflection, wizardry (x1)
@: studying Alchemy
A: almost no armour, amphibious, 8 rings, camouflage 1, gelatinous body 1,
(nimble swimmer 1), tentacles
a: Renounce Religion


You were on level 5 of the Dungeon.
You worshipped Hepliaklqana.
Hepliaklqana was noncommittal.
You visited 2 branches of the dungeon, and saw 7 of its levels.

You collected 248 gold pieces.


Innate Abilities, Weirdness & Mutations

You cannot wear most types of armour.
You are amphibious.
You can wear up to eight rings at the same time.
Your skin changes colour to match your surroundings (Stealth+).
Your rubbery body absorbs attacks. (AC +1, EV +1)
((You are camouflaged when in or above water. (Stealth+)))
You have tentacles for arms and can constrict up to eight enemies at once.


   Skills:
 - Level 2.0 Dodging
 - Level 2.6 Stealth
 - Level 4.4 Spellcasting
 - Level 7.5 Conjurations
 + Level 2.3 Translocations
 - Level 4.8 Alchemy


You had 4 spell levels left.
You knew the following spells:

 Your Spells              Type           Power      Damage    Failure   Level
f - Fulminant Prism       Conj/Alch      24%        3d12      3%          4
i - Iskenderun's Mystic   Conj/Tloc      39%        2d9       6%          4
m - Magic Dart            Conj           100%       1d8       1%          1
s - Searing Ray           Conj           100%       2d8       1%          2

Your spell library contained the following spells:

 Spells                   Type           Power      Damage    Failure   Level
 Hailstorm                Conj/Ice       32%        3d8       2%          3
 Freeze                   Ice            16%        1d4       4%          1
 Jinxbite                 Hex            8%         N/A       6%          2
 Frozen Ramparts          Ice            8%         1d2       13%         3
 Yara's Violent Unravell  Hex/Alch       7%         3d5       38%         5
 Enfeeble                 Hex            2%         N/A       100%        7

Inventory:

Hand Weapons
 d - a +2 dagger of protection
Magical Staves
 o - a staff of conjuration (weapon) {!a}
Jewellery
 m - a ring of wizardry (left tentacle)
 p - an amulet of reflection (around mantle)
Talismans
 s - a serpent talisman
Wands
 n - a wand of paralysis (11)
Scrolls
 c - 2 scrolls of teleportation {@r2}
 f - a scroll of vulnerability
 i - 2 scrolls of enchant weapon
 k - 3 scrolls of poison
Potions
 a - a potion of magic
 g - 2 potions of haste {@q3}
 j - a potion of curing {unknown}
 l - a potion of might {unknown}
 q - a potion of brilliance
 t - 2 potions of cancellation

Dungeon Overview and Level Annotations

Branches:
Dungeon (6/15)             Temple (1/1) D:5

Altars:
Ashenzari
Elyvilon
Fedhas
Gozag
Hepliaklqana
Kikubaaqudgha
Qazlal
Ru
Sif Muna
Vehumet
Xom
Zin
The Shining One

Shops:
D:1 *

Annotations:
D:6 Sigmund

#............# #....
#.##########.#######.... #.#
#...#.##....'.... ##.####
#.#.#.#..####.... #.....#
#..........##....
#..##.###.....>..#.##....
#..#......>..............
#####..########.#.#..########
#..........Y@...#.#.....<##..
#)############..#.#..######.#
#..........#......#..# ####.#
##########.#......######....#
#.......#<.....#....'.....
#.#######......#.####....#
#.#######......#.# #....#
#.#######......#.# #....#
#.#######........# #....#


You could see an ice beast.


Message History

The ice beast attacks as it pursues you!
The ice beast freezes you!
The ice beast attacks as it pursues you!
The ice beast misses you.
Casting: Searing Ray (safe; 1% risk of failure)
Confirm with . or Enter, or press ? or * to list all spells.
Aiming: Searing Ray (safe; 1% risk of failure)
Press: ? - help, Shift-Dir - straight line, f/p - ice beast
Aim: an ice beast (almost dead, 83% to hit)
Okay, then.
Casting: Searing Ray (safe; 1% risk of failure)
Confirm with . or Enter, or press ? or * to list all spells.
You don't have enough magic to cast this spell.
Unknown command.
The ice beast attacks as it pursues you!
The ice beast freezes you!
* * * LOW HITPOINT WARNING * * *
The ice beast attacks as it pursues you!
* * * LOW HITPOINT WARNING * * *
The ice beast freezes you!
* * * LOW HITPOINT WARNING * * *
Unknown command.
Aiming: Paralyse
Press: ? - help, Shift-Dir - straight line, f/p - ice beast
Aim: an ice beast (almost dead, chance to affect: 49%)
The ice beast resists with some effort.
* * * LOW HITPOINT WARNING * * *
The ice beast freezes you!
You die...
Hepliaklqana delivers you to your ancestors.

Skill      XL: |  1  2  3  4  5  6  7 |
---------------+----------------------+-----
Conjurations   | 5 6 7 |  7.5
Spellcasting   | 3 4 |  4.4
Alchemy        | 1 2 3 4 |  4.8
Translocations | 2 |  2.3
Dodging        | |  2.0
Stealth        | |  2.6

Action                     |  1- 3 |  4- 6 |  7- 9 || total
---------------------------+-------+-------+-------++-------
  Melee: Unarmed           |    13 |       |       ||    13
         Constrict         |     2 |       |       ||     2
         Tentacles         |     2 |       |       ||     2
   Cast: Magic Dart        |    58 |    53 |    31 ||   142
         Searing Ray       |     1 |     4 |     9 ||    14
         Fulminant Prism   |       |     3 |     7 ||    10
         Iskenderun's Myst |       |       |     4 ||     4
  Evoke: Wand              |       |       |     1 ||     1
    Use: Scroll            |       |       |    12 ||    12
 Armour: Skin              |    16 |    15 |    14 ||    45
  Dodge: Dodged            |    23 |    20 |    13 ||    56
  Block: Other             |       |     6 |     3 ||     9
         Reflection        |       |     6 |       ||     6

Levels and vault maps discovered:
D:1:      tarquinn_simple_flora_water_a, layout_basic, serial_shops, shop
D:2:      layout_basic, uniq_jessica
D:3:      cheibrodos_old_hovel, layout_basic, portal_sewer_entry_d,
          shapermc_ecumenical_altar_hornbeckon, kennysheep_potato
D:4:      layout_gridville, good_gods_temple_1, ashenzari_conservatory_becter,
          minmay_manual_mail
D:5:      layout_basic, minmay_temple_entry_slanted
D:6:      layout_rooms, makhleb_heckhound_becter, kennysheep_mini_moat,
          minmay_statues_item, uniq_sigmund
Temple:   grunt_temple_mini_profane

Notes
Turn   | Place    | Note
-------+----------+-------------------------------------------
     0 | D:1      | Ruich the Octopode Conjurer began the quest for the Orb.
     0 | D:1      | Reached XP level 1. HP: 11/11 MP: 3/3
   260 | D:1      | Reached XP level 2. HP: 17/17 MP: 0/5
   847 | D:1      | Found Careisir's Assorted Antiques.
  1228 | D:1      | Learned a level 2 spell: Searing Ray
  1267 | D:2      | Reached XP level 3. HP: 21/21 MP: 4/6
  1521 | D:2      | Noticed Jessica
  1526 | D:2      | Killed Jessica
  1527 | D:2      | Reached skill level 5 in Conjurations
  1527 | D:2      | Reached XP level 4. HP: 12/27 MP: 3/8
  1818 | D:2      | Learned a level 4 spell: Fulminant Prism
  2575 | D:3      | Reached skill level 3 in Spellcasting
  2821 | D:3      | Found a faded altar of an unknown god.
  2904 | D:4      | Reached skill level 1 in Alchemy
  2904 | D:4      | Reached XP level 5. HP: 31/31 MP: 1/9
  3176 | D:4      | Noticed a black bear
  3195 | D:4      | Noticed a centaur
  3196 | D:4      | Killed a black bear
  3197 | D:4      | Reached skill level 6 in Conjurations
  3197 | D:4      | Reached skill level 2 in Alchemy
  3197 | D:4      | Reached XP level 6. HP: 36/36 MP: 5/11
  3485 | D:4      | Learned a level 4 spell: Iskenderun's Mystic Blast
  3860 | D:4      | Noticed a black bear
  3866 | D:4      | Killed a black bear
  3867 | D:4      | Reached skill level 3 in Alchemy
  3867 | D:4      | Reached XP level 7. HP: 41/41 MP: 3/12
  4110 | D:4      | Found a glowing silver altar of Zin.
  4111 | D:4      | Found a white marble altar of Elyvilon.
  4112 | D:4      | Found a glowing golden altar of the Shining One.
  4346 | D:4      | Reached skill level 4 in Spellcasting
  4346 | D:4      | Reached skill level 1 in Translocations
  4492 | D:4      | Found a broken altar of Ashenzari.
  4635 | D:5      | Entered Level 5 of the Dungeon
  4641 | D:5      | Reached skill level 7 in Conjurations
  4918 | D:4      | Reached skill level 4 in Alchemy
  5062 | D:5      | Found a staircase to the Ecumenical Temple.
  5071 | Temple   | Entered the Ecumenical Temple
  5105 | Temple   | Became a worshipper of Hepliaklqana the Forgotten
  5547 | D:5      | Reached skill level 2 in Translocations
  5792 | D:5      | Reached XP level 8. HP: 43/46 MP: 2/14
  5879 | D:6      | Noticed Sigmund
  5903 | D:5      | HP: 2/46 [ice beast (14)]
  5904 | D:5      | Mangled by an ice beast

Vanquished Creatures
  An ice beast (D:5)
  3 black bears
  An ogre (D:4)
  A centaur (D:4)
  A hound (D:6)
  A jelly (D:4)
  Jessica (D:2)
  4 iguanas
  3 orc wizards
  4 adders
  A white imp (D:5)
  3 dart slugs
  A ribbon worm (D:5)
  9 orcs
  6 ball pythons
  8 bats
  6 endoplasms
  3 giant cockroaches
  3 goblins
  4 hobgoblins
  4 jackals (D:2)
  3 quokkas
  4 frilled lizards
  7 kobolds
  4 rats
86 creatures vanquished.

Vanquished Creatures (others)
  10 fulminant prisms
10 creatures vanquished.

Grand Total: 96 creatures vanquished

Table legend: (Time is in decaauts)
 A = Elapsed time spent in this place.
 B = Non-inter-level travel time spent in this place.
 C = Inter-level travel time spent in this place.
 D = Time resting spent in this place.
 E = Time spent auto-exploring this place.
 F = Levels seen in this place.
 G = Mean time per level.
                   A        B        C        D        E       F      G
               +--------+--------+--------+--------+--------+-----+--------+
         Total |   5913 |   5674 |    239 |   1991 |   2791 |   7 |  844.7 |
       Dungeon |   5850 |   5621 |    229 |   1991 |   2791 |   6 |  975.0 |
        Temple |     62 |     52 |     10 |      0 |      0 |   1 |   62.0 |
               +--------+--------+--------+--------+--------+-----+--------+

Top non-repeatable levels by time:
     D:4: 1582 daAuts
     D:3: 1428 daAuts
     D:1: 1360 daAuts
     D:5: 987 daAuts
     D:2: 477 daAuts
  Temple: 62 daAuts
     D:6: 14 daAuts

Table legend:
 A = Non-vault XP
 B = Vault XP
 C = Vault XP percentage of total XP
 D = Non-vault monster count
 E = Vault monster count
 F = Vault count percentage of total count
                 A         B        C        D         E       F
            +---------+---------+-------+---------+---------+-------
      Total |    1017 |     297 |  22.6 |      80 |       6 |   7.0
            +---------+---------+-------+---------+---------+-------
        D:1 |      33 |       0 |   0.0 |      19 |       0 |   0.0
        D:2 |      38 |      37 |  49.3 |      15 |       1 |   6.2
        D:3 |      68 |      16 |  19.0 |      14 |       2 |  12.5
        D:4 |     479 |     244 |  33.7 |      23 |       3 |  11.5
        D:5 |     356 |       0 |   0.0 |       8 |       0 |   0.0
        D:6 |      43 |       0 |   0.0 |       1 |       0 |   0.0
            +---------+---------+-------+---------+---------+-------
